 Dungeon Crawl Stone Soup version 0.21-a0-273-g0785366 (webtiles) character file.

373 sveltemanboy the Destroyer (level 6, -2/34 HPs)
             Began as a Tengu Conjurer on Sept 16, 2017.
             Slain by a gnoll
             ... wielding a +0 spear
              (8 damage)
             ... on level 4 of the Dungeon.
             The game lasted 00:07:00 (3866 turns).

sveltemanboy the Destroyer (Tengu Conjurer)         Turns: 3866, Time: 00:07:01

Health: -2/34      AC:  2    Str:  8    XL:     6   Next: 72%
Magic:  1/10       EV: 13    Int: 17    God:
Gold:   172        SH:  4    Dex: 15    Spells: 2/9 levels left

rFire    . . .     SeeInvis .   (no weapon)
rCold    . . .     Gourm    .   (no shield)
rNeg     . . .     Faith    .   a - +0 robe
rPois    .         Spirit   .   (helmet restricted)
rElec    .         Reflect  +   (no cloak)
rCorr    .         Harm     .   (no gloves)
MR       .....                  (boots unavailable)
Stlth    ++........             e - +4 amulet of reflection
HPRegen  0.11/turn              (no ring)
MPRegen  0.12/turn              (no ring)

@: no status effects
A: beak, talons 3, able to fly 1
a: Fly


You were on level 4 of the Dungeon.
You were not hungry.

You visited 1 branch of the dungeon, and saw 4 of its levels.

You collected 172 gold pieces.

Inventory:

Armour
 a - a +0 robe (worn)
Jewellery
 e - a +4 amulet of reflection (around neck)
 k - an uncursed amulet of harm {unknown}
Wands
 n - a wand of flame (4/48)
Scrolls
 g - 3 scrolls of remove curse {unknown}
 h - 2 scrolls of teleportation {unknown}
 i - 3 scrolls of identify {unknown}
 l - 2 scrolls of enchant armour {unknown}
Potions
 c - 2 potions of cancellation {unknown}
 d - 3 potions of curing {unknown}
 f - 4 potions of heal wounds
 j - 2 potions of mutation {unknown}
 o - a potion of haste {unknown}
Books
 b - a book of Conjurations

   Spells                             Type                      Level
   a - Magic Dart                     Conjuration                  1
   b - Searing Ray                    Conjuration                  2
   c - Dazzling Spray                 Conjuration/Hexes            3
   d - Fulminant Prism                Conjuration/Hexes            4
   e - Force Lance                    Conjuration/Translocation    4
   f - Iskenderun's Mystic Blast      Conjuration                  4
Comestibles
 m - 4 chunks of flesh


   Skills:
 - Level 1.0 Fighting
 - Level 2.1 Dodging
 - Level 2.0 Stealth
 - Level 2.0 Spellcasting
 * Level 10.0 Conjurations


You had 2 spell levels left.
You knew the following spells:

 Your Spells              Type           Power        Failure   Level  Hunger
a - Magic Dart            Conj           ####         1%          1    #......
b - Searing Ray           Conj           #####.       1%          2    ###....
c - Iskenderun's Mystic   Conj           #####...     3%          4    #####..


Dungeon Overview and Level Annotations

Branches:
Dungeon (4/15)
 Temple: D:4-7

Altars:
Okawaru

Annotations:
D:3 Eustachio


Innate Abilities, Weirdness & Mutations

You have a beak for a mouth.
You have claws for feet.
You can fly.


Message History

The magic dart hits the gnoll.
The gnoll is moderately wounded.
Casting: Magic Dart
Confirm with . or Enter, or press ? or * to list all spells.
Aiming: Magic Dart
Press: ? - help, Shift-Dir - straight line, f/p - gnoll
Aim: a gnoll, wielding a spear (moderately wounded)
The magic dart hits the gnoll.
The gnoll is severely wounded.
The gnoll hits you from afar with a spear.
* * * LOW HITPOINT WARNING * * *
Casting: Magic Dart
Confirm with . or Enter, or press ? or * to list all spells.
Aiming: Magic Dart
Press: ? - help, Shift-Dir - straight line, f/p - gnoll
Aim: a gnoll, wielding a spear (severely wounded)
The magic dart hits the gnoll.
The gnoll is severely wounded.
The gnoll hits you from afar with a spear!
You die...

#.# #.<....... #.#
#.# ##.[.....#.
..#
#.####..####.## ..
#.##...## ... #.#
#.#.....## ##..
#.. #........# ..
## #.##........# .
... #.).........#
..(#
##@...........
g....
#..........###
...#.##g#........#
......#.#........#
....#...#.#.....##
........#>.....##
...###.....#####
.. #.....# ###...#


You could see a gnoll.

Vanquished Creatures
  2 howler monkeys
  Jessica (D:3)
  Ijyb (D:3)
  Natasha (thrice) (D:3)
  A worker ant (D:4)
  A hound skeleton (D:3)
  A gnoll (D:4)
  A howler monkey skeleton (D:4)
  3 adders
  3 dart slugs
  5 leopard geckos
  3 orcs (D:3)
  9 bats
  3 giant cockroaches
  8 goblins
  5 hobgoblins
  8 jackals (D:2)
  3 quokkas
  A ball python zombie (D:3)
  3 frilled lizards
  6 kobolds
  4 rats
75 creatures vanquished.

Notes
Turn   | Place    | Note
-------+----------+-------------------------------------------
     0 | D:1      | sveltemanboy the Tengu Conjurer began the quest for the Orb.
     0 | D:1      | Reached XP level 1. HP: 10/10 MP: 4/4
   179 | D:1      | Reached XP level 2. HP: 16/16 MP: 4/6
   202 | D:1      | Learned a level 2 spell: Searing Ray
   205 | D:1      | Reached skill level 1 in Fighting
   362 | D:1      | Reached skill level 6 in Conjurations
   744 | D:2      | Reached XP level 3. HP: 20/20 MP: 4/7
  1350 | D:2      | Found an iron altar of Okawaru.
  1461 | D:2      | Reached skill level 7 in Conjurations
  1461 | D:2      | Reached XP level 4. HP: 25/25 MP: 1/8
  1855 | D:2      | Learned a level 4 spell: Iskenderun's Mystic Blast
  1993 | D:2      | Gained mutation: You can fly. [Tengu growth]
  1993 | D:2      | Reached XP level 5. HP: 29/29 MP: 5/9
  2554 | D:3      | Reached skill level 8 in Conjurations
  2689 | D:3      | Noticed Natasha
  2692 | D:3      | Killed Natasha
  2889 | D:3      | Noticed Jessica
  2900 | D:3      | Killed Jessica
  3052 | D:3      | Noticed Natasha
  3057 | D:3      | Killed Natasha
  3113 | D:3      | Noticed Ijyb
  3121 | D:3      | Killed Ijyb
  3121 | D:3      | Reached skill level 9 in Conjurations
  3121 | D:3      | Reached XP level 6. HP: 31/34 MP: 1/10
  3486 | D:3      | Noticed Natasha
  3497 | D:3      | Killed Natasha
  3669 | D:4      | Noticed Eustachio
  3815 | D:4      | Reached skill level 10 in Conjurations
  3866 | D:4      | Slain by a gnoll

Vault maps used:
D:1:      scummos_arrival_gate, hangedman_decor_push
D:2:      serial_bayou_ford_a, okawaru_trees_2
D:3:      uniq_natasha, uniq_jessica, uniq_ijyb
D:4:      first_bread, serial_shops,
          nicolae_shop_temple_entry_statues_fountains, uniq_eustachio

Skill      XL: |  1  2  3  4  5  6 |
---------------+-------------------+-----
Fighting       | 1 |  1.0
Conjurations   | 6 7 9 10 | 10.0
Dodging        | |  2.1
Stealth        | |  2.0
Spellcasting   | |  2.0

Action                   |  1- 3 |  4- 6 || total
-------------------------+-------+-------++-------
Melee: Unarmed           |     1 |    26 ||    27
       Kick              |     1 |    11 ||    12
       Peck              |       |     1 ||     1
 Cast: Magic Dart        |    58 |    70 ||   128
       Searing Ray       |     2 |    11 ||    13
  Eat: Chunk             |     3 |     5 ||     8
       Bread ration      |       |     1 ||     1
Armor: Robe              |     2 |     1 ||     3
Dodge: Dodged            |     8 |    28 ||    36
Block: Other             |     4 |    13 ||    17
       Reflection        |       |     1 ||     1

Table legend:
 A = Spawn XP
 B = Non-spawn XP
 C = Spawn XP percentage of total XP
 D = Spawn monster count
 E = Non-spawn monster count
 F = Spawn count percentage of total count
 G = Total turns spent on level
                    A         B        C        D         E        F      G
               +---------+---------+-------+---------+---------+-------+---------
         Total |       0 |     534 |   0.0 |       0 |      75 |   0.0 |  3866
               +---------+---------+-------+---------+---------+-------+---------
           D:1 |       0 |      33 |   0.0 |       0 |      18 |   0.0 |   734
           D:2 |       0 |     135 |   0.0 |       0 |      30 |   0.0 |  1941
           D:3 |       0 |     227 |   0.0 |       0 |      20 |   0.0 |   985
           D:4 |       0 |     139 |   0.0 |       0 |       7 |   0.0 |   206
               +---------+---------+-------+---------+---------+-------+---------
